 Dungeon Crawl Stone Soup version 0.26-a0-639-g72c4674329 (webtiles) character file.

Game seed: 16691155241631421314

9261 Borgoz the Fighter (level 11, -2/72 HPs)
             Began as a Gargoyle Berserker on Sept 19, 2020.
             Was a High Priest of Trog.
             Slain by a centaur warrior (6 damage)
             ... on level 12 of the Dungeon.
             The game lasted 00:22:12 (11703 turns).

Borgoz the Fighter (Gargoyle Berserker)            Turns: 11703, Time: 00:22:13

Health: -2/72      AC: 25    Str: 25    XL:     11   Next: 43%
Magic:  11/11      EV: 14    Int:  7    God:    Trog [*****.]
Gold:   679        SH:  6    Dex: 12    Spells: 10/10 levels left

rFire    + . .     SeeInvis .   K - +7 flail of the Peculiar Portals {venom, rF+}
rCold    . . .     Faith    .   v - +3 buckler "Horeekk" {Harm rPois MR+}
rNeg     + + .     Spirit   .   A - +2 ring mail of Belesum {rElec MR+}
rPois    ∞         Reflect  .   y - +1 helmet
rElec    +         Harm     +   G - +1 cloak
rCorr    +         Rampage  .   H - +2 pair of gloves {Str+3}
MR       ++...                  (no boots)
Stlth    +.........             (no amulet)
HPRegen  0.22/turn              c - ring of resist corrosion
MPRegen  0.12/turn              s - ring of positive energy

@: berserk cooldown, slowed, very slow
A: negative energy resistance 1, electricity resistance, unbreathing,
petrification resistance, rot immunity, AC +8
a: Berserk, Trog's Hand, Brothers in Arms, Renounce Religion


You were on level 12 of the Dungeon.
You worshipped Trog.
Trog was extremely pleased with you.
You visited 1 branch of the dungeon, and saw 12 of its levels.
You visited the Abyss 1 time.
You also visited: Sewer.

You collected 866 gold pieces.
You spent 187 gold pieces at shops.

Inventory:

Hand Weapons
 K - the +7 flail of the Peculiar Portals (weapon) {venom, rF+}
   (You found it on level 9 of the Dungeon)

   It poisons the flesh of those it strikes.
   It protects you from fire.
Armour
 v - the +3 buckler "Horeekk" (worn) {Harm rPois MR+}
   (You took it off a big kobold on level 5 of the Dungeon)

   It protects you from poison.
   It affects your resistance to hostile enchantments.
   It increases damage dealt and taken.
 y - a +1 helmet (worn)
 A - the +2 ring mail of Belesum (worn) {rElec MR+}
   (You found it on level 7 of the Dungeon)

   It insulates you from electricity.
   It affects your resistance to hostile enchantments.
 G - a +1 cloak (worn)
 H - a +2 pair of gloves of strength (worn)
Jewellery
 c - a ring of resist corrosion (left hand)
 s - a ring of positive energy (right hand)
Wands
 g - a wand of enslavement (5)
 t - a wand of paralysis (17)
 u - a wand of iceblast (23)
 w - a wand of flame (30)
 z - a wand of polymorph (6)
 L - a wand of digging (3)
Scrolls
 a - a scroll of torment {unknown}
 f - 2 scrolls of enchant weapon
 k - 3 scrolls of summoning {unknown}
 l - 5 scrolls of remove curse
 m - 5 scrolls of teleportation
 n - 2 scrolls of magic mapping
 p - 2 scrolls of blinking
 q - 2 scrolls of enchant armour
 B - a scroll of vulnerability {unknown}
 D - a scroll of amnesia {unknown}
 F - a scroll of noise {unknown}
 I - 2 scrolls of random uselessness {unknown}
 J - a scroll of fog
 M - a scroll of brand weapon {unknown}
Potions
 b - 4 potions of invisibility
 d - 7 potions of curing {unknown}
 e - 6 potions of mutation {unknown}
 h - 3 potions of brilliance {unknown}
 i - 2 potions of flight
 j - 5 potions of heal wounds
 o - a potion of cancellation
 r - 3 potions of stabbing
 x - 2 potions of might
 C - a potion of resistance {unknown}
 E - a potion of lignification {unknown}


   Skills:
 + Level 10.2 Fighting
 + Level 9.4 Maces & Flails
 + Level 9.9 Armour
 + Level 7.6 Dodging


You had 10 spell levels left.
You didn't know any spells.
Your spell library was empty.

Dungeon Overview and Level Annotations

Branches:
Dungeon (12/15)            Temple (0/1) D:7            Lair (0/6) D:11
    Orc (0/2) D:10          Sewer (visited)

Altars:
Ashenzari
Cheibriados
Gozag
Hepliaklqana
Kikubaaqudgha
Qazlal
Ru
Uskayaw
Vehumet
The Shining One

Shops:
D:8 [

Annotations:
D:4 1 runed translucent door


Innate Abilities, Weirdness & Mutations

You are resistant to torment.
Your stone body is resilient. (AC +8)
You are immune to poison.
You resist negative energy. (rN+)
You are resistant to electric shocks. (rElec)
You can survive without breathing.
You are immune to petrification.
You are immune to rotting.


Message History

Unknown command.
You hit the wight.
The wight is lightly damaged.
The wight completely misses you.
The centaur warrior shoots an arrow.
The arrow hits you.
The centaur warrior shoots an arrow.
The arrow barely misses you. The wight misses you.
The centaur warrior shoots an arrow.
The arrow hits you but does no damage. The wight closely misses you.
The centaur warrior shoots an arrow.
The arrow hits you!
Things that are here:
2 arrows; a cursed +0 battleaxe; a +0 robe The centaur warrior shoots an arrow.
The arrow hits you!
* * * LOW HITPOINT WARNING * * *
The centaur warrior shoots an arrow.
The arrow barely misses you. The wight closely misses you.
The centaur warrior unwields a +0 shortbow.
The centaur warrior hits you!
* * * LOW HITPOINT WARNING * * *
The centaur warrior hits you.
You die...

......#.#...
≈§....#.#..
...(#.#(#####
#..§§§§§#..........#
..≈§§§§.#......!....
..§≈≈≈§.#..(z)......
...≈≈≈§§+.z(()......
........#...†).....#
#.......#.@.#.......
####.$....c##.#.....
..|....<...........#
+##.........#.......
....................
.................<..
.......##.#...c
....... ..#####
...#### ..


You could see a centaur warrior and 2 wights.

Vanquished Creatures
  Snorg (D:10)
  An elephant (D:11)
  A centaur zombie (D:12)
  A gargoyle (D:11)
  The ghost of donkeybrains the Chopper, an amateur MiMo (D:4)
  A hornet (D:8)
  A hippogriff (D:11)
  2 wraiths (D:11)
  2 basilisks (D:11)
  A steam dragon (D:8)
  A water moccasin (D:9)
  3 ice beasts
  4 orc warriors (D:10)
  A black bear (D:6)
  3 sky beasts
  2 phantoms
  3 ogres
  4 centaurs
  11 big kobolds
  5 bullfrogs
  3 killer bees (D:9)
  14 wights
  3 howler monkeys
  A bullfrog zombie (D:11)
  3 hounds
  4 jellies
  3 orc priests
  A quasit (D:4)
  8 orc wizards
  3 bullfrog skeletons
  2 centaur skeletons
  2 iguanas
  9 worker ants
  2 hound zombies
  4 hound skeletons
  2 howler monkey skeletons
  A howler monkey zombie (D:9)
  2 worker ant zombies
  21 adders
  2 shadow imps
  5 white imps
  2 ufetubi
  6 oozes
  3 adder zombies
  An adder skeleton (D:5)
  5 worms
  A dart slug (D:3)
  4 leopard geckos
  57 orcs
  2 bat zombies (D:9)
  3 giant cockroaches
  10 goblins
  13 hobgoblins
  10 jackals
  4 quokkas
  2 ball pythons
  11 bats
  13 frilled lizards
  A jackal skeleton (D:8)
  2 jackal zombies
  27 kobolds
  A quokka skeleton (D:6)
  A quokka zombie (D:5)
  5 rats
328 creatures vanquished.

Vanquished Creatures (collateral kills)
  The ghost of sixsigma the Fighter, a novice MiFi of Gozag (D:7)
  An ugly thing (D:11)
  3 big kobolds (D:7)
5 creatures vanquished.

Vanquished Creatures (others)
  A bush (D:5)
  A fungus (Sewer)
  3 plants
5 creatures vanquished.

Grand Total: 338 creatures vanquished

Notes
Turn   | Place    | Note
-------+----------+-------------------------------------------
     0 | D:1      | Borgoz the Gargoyle Berserker began the quest for the Orb.
     0 | D:1      | Reached XP level 1. HP: 14/14 MP: 1/1
   552 | D:1      | Reached XP level 2. HP: 19/19 MP: 2/2
  1041 | D:2      | Found a hazy altar of Hepliaklqana.
  1047 | D:2      | Reached XP level 3. HP: 23/23 MP: 3/3
  1097 | D:2      | Reached ** piety under Trog
  1165 | D:2      | Reached XP level 4. HP: 6/29 MP: 4/4
  1420 | D:2      | Reached skill level 4 in Fighting
  1724 | D:2      | Found a faded altar of an unknown god.
  1736 | D:2      | Reached XP level 5. HP: 32/33 MP: 5/5
  2357 | D:3      | Reached *** piety under Trog
  2357 | D:3      | Reached XP level 6. HP: 29/39 MP: 6/6
  2563 | D:3      | Found a shattered altar of Ashenzari.
  2735 | D:3      | Found a stormy altar of Qazlal.
  3201 | D:4      | Found a sacrificial altar of Ru.
  3261 | D:4      | Found a runed translucent door.
  3263 | D:4      | Noticed a phantom
  3264 | D:4      | Noticed donkeybrains's ghost (amateur MiMo)
  3295 | D:4      | Killed a phantom
  3295 | D:4      | Reached skill level 5 in Fighting
  3295 | D:4      | Reached XP level 7. HP: 41/44 MP: 7/7
  3398 | D:4      | Found a runed translucent door.
  3442 | D:4      | Killed donkeybrains's ghost
  3442 | D:4      | Reached skill level 5 in Maces & Flails
  3737 | D:4      | Reached skill level 5 in Armour
  3943 | D:4      | Found a snail-covered altar of Cheibriados.
  4131 | D:5      | Entered Level 5 of the Dungeon
  4214 | D:5      | Reached **** piety under Trog
  4249 | D:5      | Reached XP level 8. HP: 29/51 MP: 8/8
  4408 | D:5      | Identified the +3 buckler "Horeekk" {Harm rPois MR+}
  4477 | D:5      | Reached skill level 6 in Fighting
  6021 | D:6      | Reached XP level 9. HP: 53/56 MP: 9/9
  6115 | D:6      | Found a glowing drain.
  6154 | Sewer    | Entered a sewer
  6198 | Sewer    | Reached skill level 7 in Fighting
  6198 | Sewer    | Reached skill level 5 in Dodging
  6254 | Sewer    | Reached ***** piety under Trog
  7260 | D:7      | Received a gift from Trog
  7423 | D:7      | Got a warped ring mail
  7434 | D:7      | Identified the +2 ring mail of Belesum {rElec MR+} (You
                  | found it on level 7 of the Dungeon)
  7478 | D:7      | Found a runed translucent gate.
  7478 | D:7      | Found a runed translucent gate.
  7478 | D:7      | Found a runed translucent gate.
  7478 | D:7      | Noticed sixsigma's ghost (novice MiFi)
  7518 | D:7      | Found a staircase to the Ecumenical Temple.
  7663 | D:7      | Found an opulent altar of Gozag.
  7946 | D:7      | Cast into level 1 of the Abyss (big kobold)
  7977 | Abyss:1  | Noticed a rakshasa
  8006 | Abyss:1  | Noticed a thrashing horror
  8011 | D:7      | Escaped the Abyss
  8042 | D:7      | Killed sixsigma's ghost
  8042 | D:7      | Reached skill level 8 in Fighting
  8045 | D:7      | Reached XP level 10. HP: 40/64 MP: 10/10
  8529 | D:8      | Found a radiant altar of Vehumet.
  8649 | D:8      | Found Wahammami's Antique Armour Shoppe.
  8657 | D:8      | Bought a pair of runed gloves for 187 gold pieces
  8703 | D:8      | Got a translucent hand axe
  8704 | D:8      | Identified the +4 hand axe of Falem {freeze, Dex+3} (You
                  | found it on level 8 of the Dungeon)
  8786 | D:8      | Found a glowing golden altar of the Shining One.
  9065 | D:9      | Found an ancient bone altar of Kikubaaqudgha.
  9555 | D:9      | Found a hide-covered altar of Uskayaw.
  9772 | D:9      | Got a steaming flail
  9787 | D:9      | Identified the +7 flail of the Peculiar Portals {venom,
                  | rF+} (You found it on level 9 of the Dungeon)
  9858 | D:10     | Entered Level 10 of the Dungeon
  9919 | D:10     | Found a staircase to the Orcish Mines.
  9971 | D:10     | Got a smoking scale mail
  9982 | D:10     | Identified the +4 scale mail of the Volcano {rElec rC-
                  | Str+4} (You found it on level 10 of the Dungeon)
 10040 | D:10     | Reached skill level 9 in Fighting
 10171 | D:10     | Noticed Snorg
 10180 | D:10     | Killed Snorg
 10662 | D:11     | Found a staircase to the Lair.
 10662 | D:11     | Noticed an elephant
 10673 | D:11     | Killed an elephant
 10673 | D:11     | Reached XP level 11. HP: 62/71 MP: 11/11
 11036 | D:11     | Received a gift from Trog
 11269 | D:11     | Reached skill level 10 in Fighting
 11503 | D:11     | Noticed a white ugly thing
 11524 | D:11     | Killed a white ugly thing
 11687 | D:12     | Noticed a centaur warrior
 11703 | D:12     | Slain by a centaur warrior

Illustrated notes

Levels and vault maps discovered:
D:1:      minmay_arrival_three_doors, layout_rooms
D:2:      layout_basic, old_standard_altar, chequers_ecumenical_altar_island
D:3:      layout_loops_cross, nicolae_overflow_crystal_walls, lemuel_round_altar
D:4:      layout_cave_pools, marbit_many_paths, ebering_ghost_sewer_f,
          nicolae_zen_rock_garden, fountainhead,
          nicolae_ru_great_annihilating_truth
D:5:      cheibrodos_thug_alley, layout_loops_ring, grunt_ministairs_6,
          kb_lookout_dungeons_type
D:6:      layout_basic, nicolae_overflow_hidden_temple,
          cheibrodos_sewer_entry_bend, minmay_misc_feat_roman,
          kennysheep_generic_room_12
D:7:      layout_cave_pods, kennysheep_mini_moat,
          minmay_temple_entry_sparse_star, gammafunk_ghost_nasty_kobolds
D:8:      corexii_shack_village, layout_rooms, vehumet_crystals,
          lemuel_round_altar, serial_shops, shop
D:9:      layout_roguey, kennysheep_little_box,
          lemuel_zombie_altar_kikubaaqudgha
D:10:     layout_gridville, hiddenorc2_lemuel, uniq_snorg
D:11:     layout_long_grid, david_lair_generic
D:12:     layout_basic, serial_shops, bzr_in_the_mist

Skill      XL: |  1  2  3  4  5  6  7  8  9 10 11 |
---------------+----------------------------------+-----
Dodging        | 2 3 4 5 7 |  7.6
Armour         | 3 4 5 6 7 9 |  9.9
Fighting       | 4 5 6 8 9 10 | 10.2
Maces & Flails | 4 5 6 7 8 9 |  9.4

Action                   |  1- 3 |  4- 6 |  7- 9 | 10-12 || total
-------------------------+-------+-------+-------+-------++-------
Melee: Mace              |    98 |   325 |   549 |   190 ||  1162
       Flail             |       |       |       |   269 ||   269
Invok: Berserk           |     1 |       |     4 |     1 ||     6
       Trog's Hand       |       |       |     2 |     2 ||     4
       Brothers in Arms  |       |       |     2 |     1 ||     3
  Use: Scroll            |       |       |    13 |     2 ||    15
 Stab: Sleeping          |     1 |       |       |       ||     1
       Paralysed         |       |     1 |       |       ||     1
Armor: Animal skin       |    10 |       |       |       ||    10
       Plate armour      |    82 |   234 |   464 |       ||   780
       Ring mail         |       |       |    19 |   242 ||   261
Dodge: Dodged            |    63 |   139 |   276 |   305 ||   783
Block: Buckler           |       |       |   110 |   134 ||   244

Table legend: (Time is in decaauts)
 A = Elapsed time spent in this place.
 B = Non-inter-level travel time spent in this place.
 C = Inter-level travel time spent in this place.
 D = Time resting spent in this place.
 E = Time spent auto-exploring this place.
 F = Levels seen in this place.
 G = Mean time per level.
                   A        B        C        D        E       F      G
               +--------+--------+--------+--------+--------+-----+--------+
         Total |  11949 |  11599 |    350 |   1722 |   7140 |  14 |  853.5 |
       Dungeon |  11545 |  11195 |    350 |   1716 |   6960 |  12 |  962.1 |
         Abyss |     74 |     74 |      0 |      6 |     32 |   1 |   74.0 |
         Sewer |    329 |    329 |      0 |      0 |    148 |   1 |  329.0 |
               +--------+--------+--------+--------+--------+-----+--------+

Top non-repeatable levels by time:
     D:5: 1430 daAuts
     D:6: 1392 daAuts
     D:2: 1371 daAuts
     D:4: 1244 daAuts
     D:9: 1023 daAuts
    D:11: 1017 daAuts
     D:7: 965 daAuts
     D:1: 830 daAuts
     D:3: 812 daAuts
    D:10: 795 daAuts
     D:8: 633 daAuts
   Sewer: 329 daAuts
 Abyss:1: 74 daAuts
    D:12: 28 daAuts
